 Dungeon Crawl Stone Soup version 0.32-a0-872-g59262bdc9b (webtiles) character file.

Game seed: 6668072191616715889

50 Biggs the Shooter (level 3, -4/27 HPs)
             Began as a Coglin Hunter on Mar 31, 2024.
             Slain by Sigmund
             ... wielding a +0 scythe of flaming
              (6 damage)
             ... on level 2 of the Dungeon.
             The game lasted 00:02:08 (587 turns).

Biggs the Shooter (Coglin Hunter)                    Turns: 587, Time: 00:02:10

Health: -4/27      AC:  4    Str: 11    XL:     3   Next: 79%
Magic:  3/3        EV: 11    Int:  8    God:
Gold:   83         SH:  0    Dex: 19    Spells: 2/2 levels left

rFire   . . .        a - +2 sling {Dongyul}
rCold   . . .        d - +0 sling {Yejun}
rNeg    . . .        c - +0 leather armour
rPois   .            e - +0 helmet
rElec   .            (no cloak)
rCorr   .            (no gloves)
SInv    .            (no boots)
Will    .....        (amulet unavailable)
Stlth   ++           (ring unavailable)
HPRegen 0.24/turn    (ring unavailable)
MPRegen 0.08/turn    (no gizmo)

%: no passive effects
@: revving
A: off-hand wielding, slow wielding, warmup strikes, no jewellery
a: Invent Gizmo


You were on level 2 of the Dungeon.
You visited 1 branch of the dungeon, and saw 2 of its levels.

You collected 83 gold pieces.

Inventory:

Hand Weapons
 a - a +2 sling (weapon) {Dongyul}
 d - a +0 sling (offhand) {Yejun}
Missiles
 k - 2 throwing nets
Armour
 c - a +0 leather armour (worn)
 e - a +0 helmet (worn)
Scrolls
 b - a scroll of butterflies
 f - 3 scrolls of identify {unknown}
 g - a scroll of acquirement {unknown}
 h - a scroll of teleportation {unknown}
 j - a scroll of revelation {unknown}
 l - a scroll of brand weapon {unknown}


   Skills:
 - Level 2.0 Fighting
 + Level 4.9 Ranged Weapons
 - Level 1.7 Dodging
 - Level 0.7 Stealth


You had 2 spell levels left.
You didn't know any spells.
Your spell library was empty.

Dungeon Overview and Level Annotations

Branches:
Dungeon (2/15)

Altars:

Annotations:
D:2 Sigmund


Innate Abilities, Weirdness & Mutations

You can wield a second weapon in your off-hand.
It takes a long time for you to wield or remove held weapons.
Your first few attacks do less damage.
You cannot equip rings or amulets.


Message History

A puff of flame appears from out of thin air!
The puff of flame hits you.
Fire: a) +2 sling {Dongyul}
Press: ? - help, Q - select action, (/) - cycle Shift-Dir - straight line You shoot a sling bullet. x2
Something hits you. Something burns you.
Unknown command.
Fire: a) +2 sling {Dongyul}
Press: ? - help, Q - select action, (/) - cycle Shift-Dir - straight line You shoot a sling bullet. x2
Something hits you! Something burns you.
Unknown command.
Fire: a) +2 sling {Dongyul}
Press: ? - help, Q - select action, (/) - cycle Shift-Dir - straight line You shoot a sling bullet. x2
You hear some strange, mumbled words.
You are confused.
Unknown command.
Non-targeted confused fire: a) +2 sling {Dongyul}
Press: ? - help, Q - select action, (/) - cycle Dir - look around, f - activate You shoot a sling bullet. x2
You hear some strange, mumbled words.
A puff of flame appears from out of thin air!
The puff of flame hits you.
* * * LOW HITPOINT WARNING * * *
Unknown command.
It was a potion of heal wounds.
You feel much better. Something hits you! Something burns you.
Unknown command.
You bump into the rock wall.
Unknown command.
Something hits you but does no damage.
You see here a +0 club.
You clumsily bash something but do no damage.
You miss something with your +0 sling.
You feel less confused. Something hits you!
* * * LOW HITPOINT WARNING * * *
Something burns you.
You die...

... .. ..##
... # ..)
... # ..#
#.. ### #.#
...######..
#.#
#.....#...#
#{#
#.###...###
#@#
#.#.....#
#.##
#...###.#
#(.# #..##
#.###
##.#####..##
#....
#..#......#
####.
###...####.#
###.
####....##
#.# #...
##....#[##
#.# #...
#........#
#.## #...


There were no monsters in sight!

Vanquished Creatures
  An adder (D:2)
  A ribbon worm (D:2)
  A dart slug (D:1)
  10 endoplasms
  2 hobgoblins (D:1)
  4 ball pythons (D:1)
  2 bats (D:1)
  3 frilled lizards
  4 goblins
  3 kobolds
  3 rats (D:1)
34 creatures vanquished.

Notes
Turn   | Place    | Note
-------+----------+-------------------------------------------
     0 | D:1      | Biggs the Coglin Hunter began the quest for the Orb.
     0 | D:1      | Reached XP level 1. HP: 16/16 MP: 1/1
    59 | D:1      | Reached skill level 4 in Ranged Weapons
    59 | D:1      | Reached XP level 2. HP: 22/22 MP: 2/2
   198 | D:1      | Reached XP level 3. HP: 27/27 MP: 3/3
   565 | D:2      | Noticed Sigmund
   587 | D:2      | Slain by Sigmund

Illustrated notes

Levels and vault maps discovered:
D:1:      dpeg_arrival_stone_temple_mockup, layout_rooms, st_stairs_7
D:2:      layout_rooms, serial_shops, shop, minmay_misc_feat_alley,
          uniq_sigmund, uniq_terence, uniq_crazy_yiuf_cottage

Skill      XL: |  1 |
---------------+----+-----
Ranged Weapons | 4 |  4.9
Fighting       | |  2.0
Dodging        | |  1.7
Stealth        | |  0.7

Action                     || total
---------------------------++-------
  Melee: Sling             ||     2
   Fire: Sling             ||   118
    Use: Potion            ||     1
 Armour: Leather armour    ||    13
  Dodge: Dodged            ||     2

Table legend: (Time is in decaauts)
 A = Elapsed time spent in this place.
 B = Non-inter-level travel time spent in this place.
 C = Inter-level travel time spent in this place.
 D = Time resting spent in this place.
 E = Time spent auto-exploring this place.
 F = Levels seen in this place.
 G = Mean time per level.
                   A        B        C        D        E       F      G
               +--------+--------+--------+--------+--------+-----+--------+
         Total |    600 |    572 |     28 |      0 |    434 |   2 |  300.0 |
       Dungeon |    600 |    572 |     28 |      0 |    434 |   2 |  300.0 |
               +--------+--------+--------+--------+--------+-----+--------+

Top non-repeatable levels by time:
     D:1: 458 daAuts
     D:2: 141 daAuts
